 Dungeon Crawl Stone Soup version 0.28-a0-1560-g060a6a1bfc (webtiles) character file.

Game seed: 7122999136934925343

26294 Colgate the Thaumaturge (level 12, -3/77 HPs)
             Began as a Demonspawn Fire Elementalist on Dec 6, 2021.
             Was a High Priest of Sif Muna.
             Killed themself with a badly aimed burst of rock shards (11 damage)
             ... in a Gauntlet on Jan 19, 2022.
             The game lasted 02:39:50 (19439 turns).

Colgate the Thaumaturge (DsFE)                     Turns: 19439, Time: 02:39:50

Health: -3/77      AC: 12    Str: 10    XL:     12   Next: 97%
Magic:  10/30      EV: 11    Int: 21    God:    Sif Muna [*****.]
Gold:   786        SH:  8    Dex: 15    Spells: 14/40 levels left

rFire   x . .      SeeInvis .   M - staff of cold
rCold   + + .      Faith    .   m - +0 buckler
rNeg    . . .      Spirit   .   L - +2 robe {Archmagi}
rPois   .          Reflect  .   (helmet unavailable)
rElec   +          Harm     .   g - +2 cloak {rCorr}
rCorr   +          Rampage  .   H - +2 pair of gloves
Will    .....      Archmagi +   D - +1 pair of boots
Stlth   ++........ Clarity  +   d - amulet of regeneration
HPRegen 1.02/turn  NoTele   +   U - ring of ice
MPRegen 0.44/turn               R - ring of wizardry

@: slowed, very slow
A: horns 3, large bone plates 1, foul stench 1, magic regeneration, bedeviling,
claws 1, clarity, clever 1, electricity resistance
a: Renounce Religion, Channel Magic, Forget Spell, Divine Exegesis


You were in a Gauntlet.
You worshipped Sif Muna.
Sif Muna was extremely pleased with you.
You visited 2 branches of the dungeon, and saw 15 of its levels.
You also visited: Ossuary and Gauntlet.

You collected 786 gold pieces.

Inventory:

Hand Weapons
 a - a +5 flail of protection
Missiles
 b - a throwing net
 p - 4 curare-tipped darts
 q - 6 boomerangs
 F - 5 silver javelins
 G - 2 javelins
 J - 23 poisoned darts
Armour
 f - a scarf of harm
 g - a +2 cloak of preservation (worn)
 m - a +0 buckler (worn)
 D - a +1 pair of boots (worn)
 H - a +2 pair of gloves (worn)
 L - a +2 robe of the Archmagi (worn)
Magical Staves
 M - a staff of cold (weapon)
Jewellery
 c - a +4 ring of protection
 d - an amulet of regeneration (around neck)
 e - a ring of resist corrosion
 y - a +4 ring of evasion
 R - a ring of wizardry (right hand)
 U - a ring of ice (left hand)
Wands
 u - a wand of polymorph (7)
 v - a wand of flame (22)
 z - a wand of paralysis (9)
 E - a wand of iceblast (17)
 V - a wand of mindburst (10)
Scrolls
 i - 5 scrolls of fear
 k - 2 scrolls of teleportation
 t - 2 scrolls of enchant weapon
 x - 5 scrolls of blinking
 O - 3 scrolls of fog
 S - a scroll of amnesia
Potions
 j - 2 potions of lignification
 l - 2 potions of flight
 n - 3 potions of ambrosia
 r - 4 potions of curing
 A - 4 potions of brilliance
 C - 4 potions of attraction
 K - 2 potions of heal wounds
Miscellaneous
 o - a tin of tremorstones (1/2)
 Q - a condenser vane


   Skills:
 - Level 1.2 Fighting
 - Level 3.1 Armour
 - Level 1.7 Dodging
 - Level 2.0 Stealth
 - Level 1.2 Shields
 + Level 14.5 Spellcasting
 - Level 10.0 Conjurations
 - Level 8.2 Fire Magic
 - Level 10.0 Invocations


You had 14 spell levels left.
You knew the following spells:

 Your Spells              Type           Power      Damage    Failure   Level
a - Foxfire               Conj/Fire      100%       2x1d9     1%          1
b - Scorch                Fire           100%       2d10      1%          2
c - Flame Wave            Conj/Fire      69%        2d10      1%          4
d - Conjure Flame         Conj/Fire      69%        6-21      1%          3
e - Magic Dart            Conj           100%       1d8       1%          1
f - Iskenderun's Battles  Conj           72%        2d12      1%          5
g - Freezing Cloud        Conj/Ice/Air   39%        6-21      16%         5
h - Irradiate             Conj/Tmut      26%        3d22      8%          5

Your spell library contained the following spells:

 Spells                   Type           Power      Damage    Failure   Level
 Shock                    Conj/Air       100%       1d9       1%          1
 Searing Ray              Conj           100%       2d8       1%          2
 Inner Flame              Hex/Fire       65%        N/A       1%          3
 Mephitic Cloud           Conj/Pois/Air  43%        N/A       1%          3
 Animate Skeleton         Necr           44%        N/A       2%          1
 Pain                     Necr           88%        1d8       2%          1
 Slow                     Hex            100%       N/A       2%          1
 Sting                    Tmut/Pois      88%        1d7       2%          1
 Ignite Poison            Fire/Tmut/Pois 40%        N/A       2%          3
 Corpse Rot               Necr/Air       44%        N/A       3%          2
 Confusing Touch          Hex            34%        N/A       6%          3
 Spider Form              Tmut/Pois      22%        N/A       6%          3
 Swiftness                Air            22%        N/A       6%          3
 Tukima's Dance           Hex            34%        N/A       6%          3
 Vampiric Draining        Necr           22%        2d7       6%          3
 Airstrike                Air            11%        N/A       21%         4
 Cause Fear               Hex            17%        N/A       21%         4
 Dispel Undead            Necr           22%        3d12      21%         4
 Passage of Golubria      Tloc           22%        N/A       21%         4
 Summon Ice Beast         Ice/Summ       51%        N/A       21%         4
 Agony                    Necr           22%        N/A       50%         5
 Alistair's Intoxication  Tmut/Pois      14%        N/A       50%         5
 Excruciating Wounds      Necr           11%        N/A       50%         5
 Yara's Violent Unravell  Hex/Tmut       17%        3d8       50%         5
 Death Channel            Necr           11%        N/A       96%         6
 Eringya's Noxious Bog    Tmut/Pois      11%        N/A       96%         6
 Dragon Form              Tmut           11%        N/A       100%        7
 Discord                  Hex            17%        N/A       100%        8
 Summon Horrible Things   Summ           11%        N/A       100%        8


Dungeon Overview and Level Annotations

Branches:
Dungeon (12/15)            Temple (0/1) D:5            Lair (3/6) D:8
  Swamp (0/4) Lair:3          Orc (0/2) D:12        Ossuary (visited)
Gauntlet (1/1)
  Snake: Lair:2-4    Spider: Lair:2-4

Altars:
Ashenzari
Elyvilon
Hepliaklqana
Okawaru
Qazlal
Sif Muna
Trog
Vehumet
Wu Jian
The Shining One

Annotations:
Gauntlet 7 transporters, 3 runed translucent doors


Innate Abilities, Weirdness & Mutations

You have a pair of large horns on your head.
You are partially covered in large bone plates. (SH +4)
You may rarely emit foul miasma when damaged in melee.
You regenerate magic rapidly.
Your hexes are more powerful.
You have sharp fingernails.
You possess an exceptional clarity of mind.
Your mind is acute. (Int +2)
You are resistant to electric shocks. (rElec)


Message History

(Press . to intensify the flame waves.)
Your battlesphere fires!
The barrage of energy hits the cacodemon!
The cacodemon is severely wounded.
The hell hound pauses to sniff the ground.
The cacodemon gestures at you. The bolt of energy hits you!!!
Casting: Flame Wave (mildly dangerous; 1% risk of failure)
Confirm with . or Enter, or press ? or * to list all spells.
Restarting spell: Flame Wave (mildly dangerous; 1% risk of failure)
Press: ? - help, Dir - look around, f - activate You feel a surge of power!
A wave of flame ripples out!
The flame wave engulfs the cacodemon!
The cacodemon is burned terribly!
The cacodemon is almost dead. (Press . to intensify the flame waves.)
Your battlesphere fires!
The barrage of energy hits the cacodemon.
The cacodemon is almost dead.
You block the cacodemon's attack. The cacodemon hits you!
* * * LOW HITPOINT WARNING * * *
The cacodemon hits you!
* * * LOW HITPOINT WARNING * * *
You block the cacodemon's attack.
Unknown command.
You feel much better.
The cacodemon is no longer more vulnerable to fire.
The cacodemon hits you! x2
* * * LOW HITPOINT WARNING * * *
You feel much better. The cacodemon completely misses you.
The cacodemon hits you but does no damage.
The cacodemon hits you! The cacodemon hits you.
The tremorstone explodes into fragments!
The hell hound pauses to sniff the ground.
The cacodemon gestures at you. The bolt of energy hits you!
* * * LOW HITPOINT WARNING * * *
The tremorstone explodes into fragments!
The burst of rock shards engulfs the cacodemon!
The burst of rock shards engulfs you!
You die...

#≈.........................
##.#########...#########...
##≈.#§§..##.#.8.#.......#.8.
#≈≈.##§§##..#...#..#....#... ..
##≈.###§#.^.#####.###...#### #.8
##.#©##§##.#©.©#©.#©#..#©.©
##...##..#!^.#§###.8.#...###.#.8.
...8.#...#).##§2##...#....#..#...
#...#.∩.#[##©*.@#.8.#.......#.8.
##.©.#...#########...#########...
.....#.8.....#.....8.#.........8.
#.©.#...#########...#########...
#...#.∩.#.bbhbhh#.8.###yyy###.8.
..8.#...#$#.###.#...###y..###...
#...##..#....#..#.8.##!##+..#.8.
#.8 ##.#©.#©#.##©.©#©.#©#..#©.©
.. ##≈.#=.#...#######.+##..####


You could see a cacodemon (ally target), a hell hog, 2 hell hounds, 3 fire bats
and a friendly battlesphere.

Vanquished Creatures
  Gastronok (D:8)
  Nessos (D:12)
  Harold (D:8)
  Fannar (Lair:1)
  A hydra (Lair:3)
  Erica (D:9)
  A catoblepas (Gauntlet)
  A death knight (D:12)
  A cyclops (D:12)
  A manticore (D:12)
  An oklob plant (D:9)
  2 black mambas
  Maurice (D:8)
  Joseph (D:6)
  Maggie (D:7)
  A gargoyle (D:10)
  2 unseen horrors (D:12)
  4 cane toads
  A rime drake (Lair:1)
  Psyche (D:9)
  3 komodo dragons
  2 hornets (D:9)
  Prince Ribbit (D:9)
  5 blink frogs (Lair:3)
  A polar bear (Lair:3)
  6 slime creatures (D:12)
  2 wraiths
  A ynoxinul (Gauntlet)
  2 vampires
  A wyvern (Lair:2)
  13 yaks
  3 shadows (D:11)
  2 basilisks
  8 vampire mosquitoes (D:12)
  Menkaure (Ossuary)
  2 acid dragons
  7 water moccasins
  An ice beast (D:6)
  7 orc warriors
  A black bear (D:3)
  A necrophage (D:4)
  An ogre (D:5)
  A sky beast (D:5)
  3 wolves (Lair:1)
  3 centaurs
  A phantom (D:5)
  3 kobold brigands
  4 bullfrogs
  2 wyvern zombies (D:8)
  2 water moccasin zombies
  4 scorpions
  A water moccasin skeleton (D:7)
  8 killer bees
  An oklob sapling (D:9)
  2 electric eels (Lair:1)
  11 wights
  The ghost of paps the Sneak, a weakling OpDe (D:5)
  A howler monkey (D:4)
  5 centaur zombies
  3 hounds
  A bullfrog zombie (D:7)
  A bullfrog skeleton (D:5)
  A jelly (D:6)
  A centaur skeleton (D:4)
  2 gnoll shamans
  6 orc priests
  4 iron imps (Gauntlet)
  13 orc wizards
  2 iguanas (D:6)
  A killer bee zombie (D:9)
  3 mummies (Ossuary)
  A howler monkey zombie (D:9)
  9 gnolls
  13 adders
  A shadow imp (D:6)
  A white imp (D:5)
  2 ufetubi (D:4)
  A worm (D:3)
  6 dart slugs
  47 orcs
  3 endoplasms
  6 giant cockroaches
  4 goblins
  5 hobgoblins
  4 jackals (D:4)
  17 kobolds
  5 quokkas
  11 ball pythons
  2 bats (D:1)
  6 frilled lizards
  3 gnoll skeletons (Ossuary)
  7 gnoll zombies (Ossuary)
  5 goblin skeletons (Ossuary)
  4 goblin zombies (Ossuary)
  A hobgoblin skeleton (Ossuary)
  4 hobgoblin zombies (Ossuary)
  3 kobold skeletons (Ossuary)
  2 kobold zombies (Ossuary)
  8 orc skeletons (Ossuary)
  2 orc zombies (Ossuary)
  5 rats
  5 rat skeletons (Ossuary)
  6 rat zombies (Ossuary)
386 creatures vanquished.

Vanquished Creatures (collateral kills)
  Erolcha (D:11)
  A gnoll sergeant (D:11)
  3 foxfires
5 creatures vanquished.

Vanquished Creatures (others)
  A bush (D:9)
  1452 foxfires
  6 fungi
  19 plants
1478 creatures vanquished.

Grand Total: 1869 creatures vanquished

Notes
Turn   | Place    | Note
-------+----------+-------------------------------------------
     0 | D:1      | Colgate the Demonspawn Fire Elementalist began the quest
                  | for the Orb.
     0 | D:1      | Reached XP level 1. HP: 13/13 MP: 3/3
   252 | D:1      | Gained mutation: You have a pair of small horns on your
                  | head. [demonic ancestry]
   252 | D:1      | Reached XP level 2. HP: 19/19 MP: 0/5
   317 | D:1      | Learned a level 2 spell: Scorch
   811 | D:1      | Reached XP level 3. HP: 24/24 MP: 3/6
  1263 | D:2      | Found a faded altar of an unknown god.
  1269 | D:2      | Prayed at the altar of an unknown god.
  1269 | D:2      | Became a worshipper of Sif Muna the Loreminder
  1269 | D:2      | Reached * piety under Sif Muna
  1577 | D:2      | Gained mutation: You may rarely emit foul miasma when
                  | damaged in melee. [demonic ancestry]
  1577 | D:2      | Reached XP level 4. HP: 30/30 MP: 5/7
  2300 | D:3      | Found an ornate altar of the Wu Jian Council.
  2738 | D:3      | Reached ** piety under Sif Muna
  3742 | D:4      | Gained mutation: You have a pair of horns on your head.
                  | [demonic ancestry]
  3742 | D:4      | Reached XP level 5. HP: 35/35 MP: 4/8
  3971 | D:4      | Noticed a black bear
  4091 | D:3      | Killed a black bear
  4092 | D:3      | Gained mutation: You have a pair of large horns on your
                  | head. [demonic ancestry]
  4092 | D:3      | Reached XP level 6. HP: 37/41 MP: 1/9
  4443 | D:4      | Reached skill level 5 in Conjurations
  4847 | D:4      | Found a broken altar of Ashenzari.
  4853 | D:4      | Learned a level 4 spell: Flame Wave
  4999 | D:5      | Entered Level 5 of the Dungeon
  5006 | D:5      | Reached skill level 5 in Fire Magic
  5152 | D:4      | Gained mutation: You regenerate magic rapidly. [demonic
                  | ancestry]
  5152 | D:4      | Reached XP level 7. HP: 42/46 MP: 3/10
  5272 | D:4      | Reached skill level 1 in Fighting
  5276 | D:4      | Learned a level 3 spell: Conjure Flame
  5464 | D:5      | Found a staircase to the Ecumenical Temple.
  5634 | D:5      | Found a runed translucent door.
  5634 | D:5      | Noticed paps's ghost (weakling OpDe)
  5702 | D:5      | Killed paps's ghost
  5703 | D:5      | Gained mutation: You are partially covered in large bone
                  | plates. (SH +4) [demonic ancestry]
  5703 | D:5      | Reached XP level 8. HP: 52/54 MP: 3/11
  6216 | D:6      | Reached skill level 3 in Spellcasting
  6521 | D:6      | Found a shimmering blue altar of Sif Muna.
  6987 | D:6      | Reached *** piety under Sif Muna
  7259 | D:7      | Reached skill level 1 in Shields
  7419 | D:7      | Noticed Maggie
  7432 | D:7      | Killed Maggie
  7433 | D:7      | Reached XP level 9. HP: 57/59 MP: 0/13
  8457 | D:7      | Noticed Joseph
  8466 | D:6      | Killed Joseph
  8926 | D:8      | Gained mutation: You possess an exceptional clarity of
                  | mind. [potion of mutation]
  8926 | D:8      | Gained mutation: Your mind is acute. (Int +2) [potion of
                  | mutation]
  8926 | D:8      | Gained mutation: You are resistant to electric shocks.
                  | (rElec) [potion of mutation]
  8926 | D:8      | Gained mutation: You have sharp fingernails. [potion of
                  | mutation]
  8936 | D:8      | Identified a scroll of acquirement
  8936 | D:8      | Acquired a +2 cloak of preservation
  8996 | D:8      | Found a sand-covered staircase.
  9001 | Ossuary  | Entered an ossuary
  9026 | Ossuary  | Reached **** piety under Sif Muna
  9834 | Ossuary  | Noticed Menkaure
  9842 | Ossuary  | Killed Menkaure
  9843 | Ossuary  | Reached skill level 4 in Spellcasting
  9849 | Ossuary  | Reached ***** piety under Sif Muna
  9851 | Ossuary  | Reached skill level 1 in Invocations
 10595 | D:8      | Noticed Harold
 10597 | D:8      | Received a gift from Sif Muna
 10605 | D:8      | Reached skill level 5 in Invocations
 10613 | D:8      | Noticed Gastronok
 10662 | D:8      | Killed Harold
 10663 | D:8      | Gained mutation: Your hexes are more powerful. [demonic
                  | ancestry]
 10663 | D:8      | Reached XP level 10. HP: 47/65 MP: 3/16
 10748 | D:8      | Killed Gastronok
 10750 | D:8      | Upgraded the game from 0.28-a0-998-gb9e9c7b67e to
                  | 0.28-a0-1560-g060a6a1bfc
 10914 | D:8      | Reached skill level 10 in Invocations
 10984 | D:8      | Got Sif Muna's Collected Works on Supportive Battle Magic
                  | {god gift}
 11002 | D:8      | Learned a level 1 spell: Magic Dart
 11008 | D:8      | Learned a level 5 spell: Iskenderun's Battlesphere
 11107 | D:8      | Noticed Maurice
 11122 | D:8      | Killed Maurice
 11351 | D:8      | Found a staircase to the Lair.
 11465 | D:9      | Noticed Prince Ribbit
 11533 | D:9      | Reached skill level 10 in Conjurations
 11642 | D:9      | Noticed Psyche
 11646 | D:9      | Killed Psyche
 11677 | D:9      | Noticed Erica
 11684 | D:9      | Killed Erica
 11685 | D:9      | Reached skill level 5 in Spellcasting
 11900 | D:9      | Reached skill level 6 in Spellcasting
 12050 | D:9      | Reached XP level 11. HP: 70/70 MP: 8/20
 12302 | D:9      | Killed Prince Ribbit
 12467 | D:9      | Found a hazy altar of Hepliaklqana.
 13050 | D:9      | Found a hazy altar of Hepliaklqana.
 13499 | D:9      | Noticed an oklob plant
 13525 | D:9      | Killed an oklob plant
 13526 | D:9      | Reached skill level 7 in Spellcasting
 13729 | D:10     | Entered Level 10 of the Dungeon
 13850 | D:10     | Reached skill level 8 in Spellcasting
 13907 | D:10     | Found a radiant altar of Vehumet.
 13907 | D:10     | Found a stormy altar of Qazlal.
 13909 | D:10     | Found a bloodstained altar of Trog.
 13909 | D:10     | Found an iron altar of Okawaru.
 14368 | D:11     | Reached skill level 9 in Spellcasting
 14506 | D:11     | Noticed Erolcha
 14521 | D:11     | Killed Erolcha
 15046 | D:11     | Reached skill level 10 in Spellcasting
 15486 | D:12     | Reached skill level 11 in Spellcasting
 15695 | D:12     | Reached XP level 12. HP: 70/77 MP: 15/27
 15829 | D:12     | Found a staircase to the Orcish Mines.
 15886 | D:12     | Noticed Nessos
 15901 | D:12     | Killed Nessos
 15970 | D:12     | Noticed a death knight
 16002 | D:12     | Killed a death knight
 16168 | D:12     | Reached skill level 12 in Spellcasting
 16381 | D:12     | Learned a level 5 spell: Freezing Cloud
 16719 | Lair:1   | Entered Level 1 of the Lair of Beasts
 16921 | Lair:1   | Noticed Fannar
 16932 | Lair:1   | Killed Fannar
 17158 | Lair:1   | Reached skill level 13 in Spellcasting
 18653 | Lair:3   | Found a staircase to the Swamp.
 18672 | Lair:3   | Noticed a four-headed hydra
 18676 | Lair:3   | Killed a four-headed hydra
 18742 | Lair:3   | Reached skill level 14 in Spellcasting
 18927 | Lair:3   | Received a gift from Sif Muna
 18928 | Lair:3   | Got Sif Muna's Tome of Changing {god gift}
 19031 | Lair:3   | Found a gate leading to a gauntlet.
 19051 | Gauntlet | Entered a Gauntlet
 19051 | Gauntlet | Found a transporter.
 19051 | Gauntlet | Found a runed translucent door.
 19051 | Gauntlet | Found a transporter.
 19060 | Gauntlet | Found a transporter.
 19063 | Gauntlet | Found a transporter.
 19067 | Gauntlet | Found a runed translucent door.
 19069 | Gauntlet | Found a runed translucent door.
 19071 | Gauntlet | Found a transporter.
 19075 | Gauntlet | Found a transporter.
 19081 | Gauntlet | Noticed a hell hog
 19083 | Gauntlet | Found a transporter.
 19099 | Gauntlet | Found a transporter.
 19101 | Gauntlet | Noticed a cacodemon
 19113 | Gauntlet | Found a transporter.
 19117 | Gauntlet | Found a transporter.
 19125 | Gauntlet | Found a transporter.
 19129 | Gauntlet | Found a transporter.
 19129 | Gauntlet | Noticed a catoblepas
 19133 | Gauntlet | Found a runed translucent door.
 19173 | Gauntlet | Learned a level 5 spell: Irradiate
 19207 | Gauntlet | Killed a catoblepas
 19439 | Gauntlet | Killed themself with a badly aimed burst of rock shards

Illustrated notes

Levels and vault maps discovered:
D:1:      giann_horns, layout_basic
D:2:      layout_loops_ring, dreamdust_ecumenical_altar_angels_and_demons
D:3:      layout_loops_corners, mainiacjoe_overflow_chevrons
D:4:      layout_basic, general_overflow_altar, hangedman_decor_peaks_small
D:5:      layout_gridville, minmay_temple_entry_statues_pillars,
          gammafunk_ghost_grave
D:6:      layout_gridville, kennysheep_mini_moat
D:7:      layout_layer_cave, mainiacjoe_overflow_24_doors, uniq_joseph,
          uniq_maggie
D:8:      layout_basic, david_lair_shrubbed, enter_ossuary_2,
          grunt_ministairs_4, uniq_maurice, uniq_gastronok, uniq_harold
D:9:      layout_basic, mainiacjoe_overflow_brackets, kennysheep_cluttered_room,
          introduction_to_nature_2, uniq_psyche, uniq_prince_ribbit1, uniq_erica
D:10:     layout_big_octagon, grunt_temple_overflow_open,
          nicolae_elevator_lobby_plus
D:11:     layout_basic, uniq_erolcha
D:12:     layout_roguey, uniq_nessos
Lair:1:   hellmonk_ruined_rings, layout_cave_pods, dpeg_stationary_puzzle,
          infiniplex_staircase_pool, uniq_fannar
Lair:2:   layout_loops_ring, small_statue_intersection
Lair:3:   layout_gridlike, swamp_mist_pool, gauntlet_entry_generic
Gauntlet: minmay_gauntlet_77_indecision
          [minmay_gauntlet_arena_77_tiled_triplets,
          minmay_gauntlet_arena_77_shame_cube, minmay_gauntlet_arena_77_cramped,
          minmay_gauntlet_arena_77_double_cross,
          minmay_gauntlet_arena_77_broken_ladder, minmay_gauntlet_arena_77_fan,
          gauntlet_exit_green]

Skill      XL: |  1  2  3  4  5  6  7  8  9 10 11 12 |
---------------+-------------------------------------+-----
Conjurations   | 2 3 4 5 7 8 9 10 | 10.0
Fire Magic     | 3 4 5 7 8 |  8.2
Fighting       | 1 |  1.2
Spellcasting   | 3 4 6 11 14 | 14.5
Shields        | 1 |  1.2
Stealth        | 2 |  2.0
Armour         | 2 3 |  3.1
Invocations    | 7 10 | 10.0
Dodging        | |  1.7

Action                   |  1- 3 |  4- 6 |  7- 9 | 10-12 || total
-------------------------+-------+-------+-------+-------++-------
Melee: Unarmed           |     1 |       |       |       ||     1
       Short sword       |     6 |       |       |       ||     6
       Mace              |       |     5 |     1 |       ||     6
       Headbutt          |       |     2 |     1 |     6 ||     9
       Whip              |       |       |     1 |       ||     1
       Flail             |       |       |     4 |    13 ||    17
       Staff             |       |       |       |     6 ||     6
Throw: Javelin           |       |       |       |     1 ||     1
 Cast: Foxfire           |    66 |    71 |   332 |   372 ||   841
       Scorch            |     7 |    26 |    52 |    61 ||   146
       Flame Wave        |       |     3 |    11 |    32 ||    46
       Conjure Flame     |       |       |     1 |     4 ||     5
       Iskenderun's Batt |       |       |       |    81 ||    81
       Magic Dart        |       |       |       |     7 ||     7
       Summon Horrible T |       |       |       |     1 ||     1
       Freezing Cloud    |       |       |       |     8 ||     8
Invok: Divine Exegesis   |       |       |       |     1 ||     1
Evoke: Tin of tremorston |       |       |       |     1 ||     1
  Use: Scroll            |       |       |    20 |     7 ||    27
       Potion            |       |       |     1 |     2 ||     3
 Stab: Sleeping          |     1 |     1 |     1 |       ||     3
Armor: Robe              |     2 |    13 |    14 |    38 ||    67
       Ring mail         |       |    16 |     2 |       ||    18
       Steam dragon scal |       |       |     9 |    25 ||    34
Dodge: Dodged            |     4 |    36 |    48 |    80 ||   168
Block: Buckler           |       |       |    22 |    53 ||    75

Table legend: (Time is in decaauts)
 A = Elapsed time spent in this place.
 B = Non-inter-level travel time spent in this place.
 C = Inter-level travel time spent in this place.
 D = Time resting spent in this place.
 E = Time spent auto-exploring this place.
 F = Levels seen in this place.
 G = Mean time per level.
                   A        B        C        D        E       F      G
               +--------+--------+--------+--------+--------+-----+--------+
         Total |  19484 |  18778 |    706 |    105 |  14808 |  17 | 1146.1 |
       Dungeon |  15769 |  15127 |    642 |     30 |  11977 |  12 | 1314.1 |
          Lair |   2335 |   2272 |     63 |      0 |   2038 |   3 |  778.3 |
       Ossuary |    987 |    987 |      0 |     38 |    598 |   1 |  987.0 |
      Gauntlet |    391 |    391 |      0 |     37 |    194 |   1 |  391.0 |
               +--------+--------+--------+--------+--------+-----+--------+

Top non-repeatable levels by time:
     D:9: 2102 daAuts
     D:8: 1817 daAuts
     D:7: 1642 daAuts
     D:4: 1571 daAuts
     D:3: 1447 daAuts
    D:12: 1341 daAuts
     D:1: 1156 daAuts
     D:6: 1147 daAuts
     D:2: 1122 daAuts
  Lair:1: 1118 daAuts
 Ossuary: 987 daAuts
    D:11: 958 daAuts
     D:5: 841 daAuts
  Lair:2: 800 daAuts
    D:10: 619 daAuts
